 Dungeon Crawl Stone Soup version 0.30-a0-358-g0d69a1922f (webtiles) character file.

Game seed: 11044728533755237103

446 MrRokkomies the Trooper (level 7, -9/61 HPs)
             Began as a Meteoran Cinder Acolyte on Nov 10, 2022.
             Was a High Priest of Ignis.
             Mangled by an iguana (10 damage)
             ... on level 5 of the Dungeon.
             The game lasted 00:05:40 (2287 turns).

MrRokkomies the Trooper (Meteoran Cinder Acolyte)   Turns: 2287, Time: 00:05:41

Health: -9/61      AC:  8    Str: 17    XL:     7   Next: 49%
Magic:  0/10       EV: 12    Int: 16    God:    Ignis [*****.]
Gold:   335        SH:  0    Dex: 10    Spells: 6/8 levels left

rFire   + + .      SeeInvis .    a - -1 falchion (flame)
rCold   . . .      Faith    .    (no shield)
rNeg    . . .      Spirit   +    b - +0 robe
rPois   .          Reflect  .    (no helmet)
rElec   .          Harm     .    (no cloak)
rCorr   .          Rampage  .    j - +0 pair of gloves
Will    .....                    h - +0 pair of boots
Stlth   +.........               k - amulet of guardian spirit
HPRegen 0.30/turn                e - +4 ring of protection
MPRegen 0.12/turn                u - ring of protection from fire

@: glowing
A: sense surroundings 1, otherworldly, glowing, explore regen
a: Renounce Religion, Fiery Armour, Foxfire Swarm


You were on level 5 of the Dungeon.
You worshipped Ignis.
Ignis was extremely pleased with you.
You visited 1 branch of the dungeon, and saw 7 of its levels.

You collected 335 gold pieces.

Inventory:

Hand Weapons
 a - a -1 falchion of flaming (weapon)
Missiles
 s - 3 poisoned darts (quivered)
Armour
 b - a +0 robe (worn)
 h - a +0 pair of boots (worn)
 j - a +0 pair of gloves (worn)
Jewellery
 e - a +4 ring of protection (left hand)
 k - an amulet of guardian spirit (around neck)
 u - a ring of protection from fire (right hand)
Wands
 t - a wand of iceblast (14)
Scrolls
 c - 3 scrolls of teleportation
 i - 3 scrolls of identify
 m - 4 scrolls of blinking
 p - a scroll of amnesia
 q - a scroll of torment {unknown}
Potions
 d - 2 potions of brilliance
 f - 2 potions of resistance
 g - a potion of flight
 l - 2 potions of curing {unknown}
 n - a potion of heal wounds {unknown}
 o - 2 potions of might {unknown}
 r - a potion of magic {unknown}


   Skills:
 * Level 5.5 Fighting
 * Level 4.2(4.7) Short Blades
 - Level 3.6(4.7) Long Blades
 + Level 3.1 Dodging
 - Level 1.3 Spellcasting
 + Level 4.9 Fire Magic


You had 6 spell levels left.
You knew the following spells:

 Your Spells              Type           Power      Damage    Failure   Level
a - Scorch                Fire           34%        2d7       4%          2

Your spell library contained the following spells:

 Spells                   Type           Power      Damage    Failure   Level
 Blade Hands              Tmut           0%         N/A       99%         5
 Irradiate                Conj/Tmut      0%         3d11      99%         5
 Dragon Form              Tmut           0%         N/A       100%        7


Dungeon Overview and Level Annotations

Branches:
Dungeon (7/15) Zot: 1888
 Temple: D:4-7

Altars:
Fedhas
Gozag
Uskayaw


Innate Abilities, Weirdness & Mutations

You passively map a small area around you.
You are easily found by Zot.
You glow in the dark.
You regain HP and MP as you explore.


Message History

The black bear is moderately wounded.
The black bear's fire resistance burns away.
The black bear bites you but does no damage.
The black bear claws you but does no damage.
The black bear claws you.
Casting: Scorch (safe; 4% risk of failure)
Confirm with . or Enter, or press ? or * to list all spells.
Flames lash the iguana.
The iguana is lightly wounded.
The iguana's fire resistance burns away.
The black bear bites you but does no damage.
The black bear closely misses you. The black bear barely misses you.
The iguana bites you but does no damage.
Casting: Scorch (safe; 4% risk of failure)
Confirm with . or Enter, or press ? or * to list all spells.
Flames lash the black bear.
The black bear is burned terribly!
The black bear is almost dead.
The black bear goes berserk!
The iguana bites you!
Unknown command.
Casting: Scorch (safe; 4% risk of failure)
Confirm with . or Enter, or press ? or * to list all spells.
You don't have enough magic to cast this spell.
Unknown command.
You completely miss the black bear.
The black bear is almost dead.
The black bear bites you. The black bear barely misses you.
The black bear claws you. The iguana closely misses you.
The black bear bites you!
The black bear claws you. x2; The iguana bites you!
* * * LOW HITPOINT WARNING * * *
You barely miss the black bear.
The black bear is almost dead.
The iguana is no longer more vulnerable to fire.
The black bear closely misses you. The black bear misses you.
The black bear claws you but does no damage.
The black bear bites you!
* * * LOW HITPOINT WARNING * * *
The black bear barely misses you. The black bear claws you.
* * * LOW HITPOINT WARNING * * *
The iguana bites you!
You die...

#...# ....# ...## ###
#### .?..### #
#.######..#####......#.#
...#.##....##..##....[.#
.....####..##...........
........#.......!.......
...........##...@.<./...
..>.......[#....lh.....#
..........###..#........
........####..##........
..<....## ....##.......#
.......# #..####.......#
......##,##. #.#...###
.....##, # ..##..#
.....# , * ,


You could see a black bear (berserk, combustible) and an iguana.

Vanquished Creatures
  A sky beast (D:6)
  A black bear (D:5)
  2 hounds (D:4)
  A jelly (D:4)
  An iguana (D:6)
  2 orc wizards (D:6)
  3 adders
  A white imp (D:6)
  A worm (D:3)
  6 dart slugs
  4 orcs
  5 endoplasms
  A giant cockroach (D:1)
  A goblin (D:2)
  4 hobgoblins
  3 jackals (D:2)
  4 quokkas
  8 ball pythons
  3 frilled lizards
  3 kobolds
  4 rats
59 creatures vanquished.

Notes
Turn   | Place    | Note
-------+----------+-------------------------------------------
     0 | D:1      | MrRokkomies the Meteoran Cinder Acolyte began the quest for
                  | the Orb.
     0 | D:1      | Reached XP level 1. HP: 19/19 MP: 3/3
    82 | D:1      | Reached XP level 2. HP: 19/26 MP: 5/5
   117 | D:1      | Reached skill level 1 in Short Blades
   193 | D:1      | Reached XP level 3. HP: 24/31 MP: 6/6
   489 | D:1      | Reached skill level 1 in Dodging
   493 | D:1      | Glimpsed the power of Zot.
   730 | D:2      | Found a hide-covered altar of Uskayaw.
   778 | D:2      | Found a faded altar of an unknown god.
  1046 | D:3      | Reached skill level 4 in Fighting
  1046 | D:3      | Reached XP level 4. HP: 33/40 MP: 7/7
  1058 | D:3      | Learned a level 2 spell: Scorch
  1550 | D:4      | Reached XP level 5. HP: 38/46 MP: 6/8
  1583 | D:4      | Found a hide-covered altar of Uskayaw.
  1614 | D:4      | You fall into a shaft and drop 3 floors!
  1617 | D:7      | Found a blossoming altar of Fedhas.
  1774 | D:6      | Noticed a sky beast
  1788 | D:6      | Killed a sky beast
  1789 | D:6      | Reached XP level 6. HP: 32/55 MP: 7/9
  1861 | D:6      | Reached skill level 5 in Fighting
  1885 | D:6      | Noticed an ice beast
  1894 | D:5      | Entered Level 5 of the Dungeon
  1926 | D:4      | Reached XP level 7. HP: 56/61 MP: 10/10
  2035 | D:4      | Found an opulent altar of Gozag.
  2287 | D:5      | HP: 1/61 [black bear (5)]
  2287 | D:5      | Mangled by an iguana

Illustrated notes

Levels and vault maps discovered:
D:1:      amcnicky_arrival_gap_in_the_tavern_cellar, layout_loops_ring,
          corner_web_ring, nrook_mini_vaults
D:2:      layout_basic, basic_altar, ebering_ecumenical_altar_webs
D:3:      layout_basic
D:4:      layout_cave_pools, kennysheep_little_box,
          nicolae_gozag_cash_rules_everything_around_me,
          hangedman_abyss_or_decor_stabs
D:5:      layout_cave_pools, lemuel_round_altar,
          chequers_temple_overflow_minitemple, uniq_ijyb
D:6:      layout_loops_cross, minmay_misc_feat_rows, uniq_pikel
D:7:      layout_basic, fedhas_altar_1, temple_doors_e, enter_bailey_5,
          hangedman_misty_isle

Skill      XL: |  1  2  3  4  5  6  7 |
---------------+----------------------+-----
Short Blades   | 1 2 3 4 |  4.2
Dodging        | 1 2 3 |  3.1
Fire Magic     | 4 |  4.9
Fighting       | 4 5 |  5.5
Long Blades    | |  3.6
Spellcasting   | |  1.3

Action                   |  1- 3 |  4- 6 |  7- 9 || total
-------------------------+-------+-------+-------++-------
Melee: Falchion          |   102 |   101 |    45 ||   248
       Punch             |     1 |     1 |       ||     2
 Cast: Scorch            |       |       |     3 ||     3
Invok: Fiery Armour      |       |     1 |       ||     1
       Rising Flame      |       |     1 |       ||     1
  Use: Scroll            |       |     7 |     2 ||     9
Armor: Robe              |    23 |    54 |    34 ||   111
Dodge: Dodged            |    44 |    44 |    47 ||   135

Table legend: (Time is in decaauts)
 A = Elapsed time spent in this place.
 B = Non-inter-level travel time spent in this place.
 C = Inter-level travel time spent in this place.
 D = Time resting spent in this place.
 E = Time spent auto-exploring this place.
 F = Levels seen in this place.
 G = Mean time per level.
                   A        B        C        D        E       F      G
               +--------+--------+--------+--------+--------+-----+--------+
         Total |   2310 |   2186 |    124 |    137 |   1256 |   7 |  330.0 |
       Dungeon |   2310 |   2186 |    124 |    137 |   1256 |   7 |  330.0 |
               +--------+--------+--------+--------+--------+-----+--------+

Top non-repeatable levels by time:
     D:1: 531 daAuts
     D:2: 512 daAuts
     D:3: 491 daAuts
     D:4: 411 daAuts
     D:6: 183 daAuts
     D:7: 99 daAuts
     D:5: 80 daAuts
